 Dungeon Crawl Stone Soup version 0.22-a0-571-g4a923d4 (webtiles) character file.

72 iamserjio the Covered (level 4, 26/29 HPs)
             Began as a Gargoyle Fighter on July 1, 2018.
             Quit the game on level 8 of the Dungeon.
             The game lasted 00:04:47 (803 turns).

iamserjio the Covered (Gargoyle Fighter)             Turns: 803, Time: 00:04:48

Health: 26/29      AC: 15    Str: 19    XL:     4   Next: 25%
Magic:  4/4        EV:  3    Int:  9    God:
Gold:   102        SH:  9    Dex: 10    Spells: 3/3 levels left

rFire    . . .     SeeInvis .   a - +1 war axe
rCold    . . .     Gourm    .   c - +0 shield
rNeg     + . .     Faith    .   n - +0 plate armour
rPois    ∞         Spirit   .   (no helmet)
rElec    +         Reflect  .   (no cloak)
rCorr    .         Harm     .   (no gloves)
MR       .....                  (no boots)
Stlth    ..........             m - amulet of inaccuracy (curse)
HPRegen  0.09/turn              (no ring)
MPRegen  0.09/turn              (no ring)

@: no status effects
A: negative energy resistance 1, electricity resistance, unbreathing,
petrification resistance, rot immunity, AC +3
a: no special abilities


You were on level 8 of the Dungeon.
You were not hungry.

You visited 1 branch of the dungeon, and saw 6 of its levels.

You collected 102 gold pieces.

Inventory:

Hand Weapons
 a - a +1 war axe (weapon)
Armour
 b - a +0 scale mail
 c - a +0 shield (worn)
 n - a +0 plate armour (worn)
Jewellery
 m - a cursed amulet of inaccuracy (around neck)
Wands
 j - a wand of random effects (16)
Scrolls
 e - a scroll of enchant armour
 g - a scroll of identify {@r1}
 h - a scroll of fear
Potions
 d - a potion of might
 i - a potion of lignification
 k - a potion of resistance
 l - 2 potions of degeneration
Comestibles
 f - 8 rations


   Skills:
 + Level 3.9 Fighting
 + Level 2.4 Axes
 + Level 3.9 Armour
 + Level 3.9 Shields


You had 3 spell levels left.
You didn't know any spells.
Your spell library was empty.

Dungeon Overview and Level Annotations

Branches:
Dungeon (5/15)
 Temple: D:4-7

Altars:
Ashenzari

Annotations:
D:8 3 runed doors, Hebeh's ghost, novice MiFi


Innate Abilities, Weirdness & Mutations

You are resistant to torment.
Your stone body is resilient. (AC +3)
You are immune to poison.
You resist negative energy. (rN+)
You are resistant to electric shocks. (rElec)
You can survive without breathing.
You are immune to petrification.
You are immune to rotting.


Message History

The adder bites you but does no damage. The orc hits you but does no damage.
The orc barely misses you. The adder completely misses you.
Things that are here:
a club; an orc corpse You block the orc's attack.
Found 15 gold pieces.
Found a stone staircase leading up.
The orc hits you with a short sword.
Found a stone staircase leading down.
The adder bites you but does no damage.
Found a war axe.
The adder bites you but does no damage.
Found a runed gate.
Found 13 gold pieces.
Hebeh's ghost turns its malevolent gaze towards you.
The ten-headed hydra roars!
Found a glowing scimitar.
The orc hits you with a short sword. The adder bites you but does no damage.
Found a ration.
Found 13 poisoned needles.
Are you sure you want to abandon this character and quit the game? (Confirm with "yes".)

..###........ ..#
............ ..##
..#.......#.. .....
#..........#.# (..#
#............# ....#
..#......).....##...#
.............oo#..#.###
..............oS@.......
...#.$<......>##+++##.#.
...#.........##W.... ##
#...........#P..D...
#...........#P..).$♣
.#.........#♣%....♣
#.........##♣...≈#
##..........# PP♣##
#)...........#


You could see Hebeh's ghost, an adder and 3 orcs.

Vanquished Creatures
  An iguana (D:4)
  2 oozes
  A worm (D:3)
  A dart slug (D:1)
  A leopard gecko (D:4)
  2 orcs
  3 giant cockroaches
  2 hobgoblins (D:3)
  3 jackals (D:3)
  A kobold (D:3)
  A quokka (D:3)
  A ball python (D:1)
  5 bats
  A frilled lizard (D:3)
  4 goblins
  A jackal skeleton (D:4)
30 creatures vanquished.

Notes
Turn   | Place    | Note
-------+----------+-------------------------------------------
     0 | D:1      | iamserjio the Gargoyle Fighter began the quest for the Orb.
     0 | D:1      | Reached XP level 1. HP: 14/14 MP: 1/1
    46 | D:1      | Reached XP level 2. HP: 19/19 MP: 2/2
   189 | D:3      | Reached XP level 3. HP: 19/24 MP: 3/3
   573 | D:5      | Entered Level 5 of the Dungeon
   681 | D:4      | Reached XP level 4. HP: 23/29 MP: 4/4
   762 | D:5      | Found a shattered altar of Ashenzari.
   786 | D:5      | You fall through a shaft for 3 floors!
   797 | D:8      | Found a runed gate.
   799 | D:8      | Found a runed gate.
   799 | D:8      | Found a runed gate.
   799 | D:8      | Noticed Hebeh's ghost (novice MiFi)
   799 | D:8      | Noticed a ten-headed hydra
   803 | D:8      | Quit the game

Vault maps used:
D:1:      lightli_arrival_noodles
D:2:      grunt_temple_overflow_gold_and_silver
D:3:      grunt_decor_mini_mirrors, bh_walls_and_bars
D:4:      marbit_many_paths, first_ration, uniq_pikel
D:5:      gammafunk_ghost_necromancy, cheibrodos_ashenzari_chains, uniq_grinder,
          uniq_sigmund
D:8:      kennysheep_mini_moat, dpeg_oklobed_lair, gammafunk_ghost_hydra_chop,
          uniq_grum, uniq_joseph

Skill      XL: |  1  2 |
---------------+-------+-----
Axes           | 2 |  2.4
Fighting       | |  3.9
Armour         | |  3.9
Shields        | |  3.9

Action                   |  1- 3 |  4- 6 || total
-------------------------+-------+-------++-------
Melee: War axe           |    85 |     1 ||    86
  Use: Scroll            |     3 |     3 ||     6
Armor: Scale mail        |   103 |       ||   103
       Plate armour      |     3 |     6 ||     9
Dodge: Dodged            |    76 |     3 ||    79
Block: Shield            |   105 |     1 ||   106

Table legend:
 A = Spawn XP
 B = Non-spawn XP
 C = Spawn XP percentage of total XP
 D = Spawn monster count
 E = Non-spawn monster count
 F = Spawn count percentage of total count
 G = Total turns spent on level
                    A         B        C        D         E        F      G
               +---------+---------+-------+---------+---------+-------+---------
         Total |       0 |     103 |   0.0 |       0 |      30 |   0.0 |   803
               +---------+---------+-------+---------+---------+-------+---------
           D:1 |       0 |      18 |   0.0 |       0 |       7 |   0.0 |   108
           D:2 |       0 |       3 |   0.0 |       0 |       2 |   0.0 |    70
           D:3 |       0 |      39 |   0.0 |       0 |      17 |   0.0 |   292
           D:4 |       0 |      40 |   0.0 |       0 |       3 |   0.0 |   253
           D:8 |       0 |       3 |   0.0 |       0 |       1 |   0.0 |    17
               +---------+---------+-------+---------+---------+-------+---------
